 Dungeon Crawl Stone Soup version 0.31-a0-174-g85c54bcb58 (webtiles) character file.

Game seed: 13268028835058644515

92187 qw the Severer (level 16, -7/105 HPs)
             Began as a Gargoyle Fighter on June 15, 2023.
             Was a High Priest of Okawaru.
             Mangled by a tengu reaver
             ... wielding a +3 heavy dire flail
              (24 damage)
             ... on level 15 of the Dungeon.
             The game lasted 00:10:47 (21346 turns).

qw the Severer (Gargoyle Fighter)                  Turns: 21346, Time: 00:10:47

Health: -7/105     AC: 34    Str: 34    XL:     16   Next: 5%
Magic:  23/23      EV: 11    Int:  9    God:    Okawaru [*****.]
Gold:   214        SH: 13    Dex:  9    Spells: 15/15 levels left

rFire   . . .        Y - +5 war axe (flame)
rCold   . . .        i - +0 kite shield
rNeg    + + +        g - +2 plate armour
rPois   inf          p - +2 helmet of Defiance {rN++}
rElec   +            o - +2 cloak
rCorr   .            (no gloves)
SInv    +            l - +2 pair of boots
Will    +....        r - amulet of faith Stlth
                     v - ring of see invisible
HPRegen 0.37/turn    y - +6 ring of strength
MPRegen 0.18/turn

%: faith
@: about to teleport, heroic, corroded, flying
A: sickness immunity, AC +12, big wings, negative energy resistance 1,
electricity resistance, torment resistance 1, petrification resistance
a: Renounce Religion, Heroism, Finesse, Duel


You were on level 15 of the Dungeon.
You worshipped Okawaru.
Okawaru was extremely pleased with you.
You visited 3 branches of the dungeon, and saw 21 of its levels.
You visited the Abyss 1 time.
You also visited: Ossuary.

You collected 1582 gold pieces.
You spent 1368 gold pieces at shops.


Innate Abilities, Weirdness & Mutations

You are immune to sickness and miasma.
Your stone body is resilient. (AC +12)
You are immune to poison.
Your large and strong wings let you fly.
You resist negative energy. (rN+)
You are resistant to electric shocks. (rElec)
You are resistant to unholy torment.
You are immune to petrification.


   Skills:
 - Level 13.7(18.7) Fighting
 - Level 16.0(21.0) Axes
 + Level 6.2(11.2) Throwing
 - Level 11.5(16.5) Armour
 - Level 3.1(8.1) Dodging
 - Level 13.0(18.0) Shields
 - Level 10.0 Invocations


You had 15 spell levels left.
You didn't know any spells.
Your spell library was empty.

Inventory:

Hand Weapons
 Y - a +5 war axe of flaming (weapon)
Missiles
 q - 2 silver javelins (quivered)
Armour
 g - a +2 plate armour (worn)
 i - a +0 kite shield (worn)
 l - a +2 pair of boots (worn)
 m - a +2 helmet of see invisible
 n - the +6 chain mail "Xoiw" {+Blink rPois SInv}
   (Okawaru gifted it to you on level 15 of the Dungeon)

   rPois:     It protects you from poison.
   SInv:      It lets you see invisible.
   +Blink:    It lets you blink.
 o - a +2 cloak (worn)
 p - the +2 helmet of Defiance (worn) {rN++}
   (Okawaru gifted it to you on level 5 of the Lair of Beasts)

   rN:        It greatly protects you from negative energy.
 w - the +2 fire dragon scales "Oruisest" {rF++ rC- Int+2}
   (You found it on level 5 of the Lair of Beasts)

   Int:       It affects your intelligence (+2).
   rF:        It greatly protects you from fire.
   rC:        It makes you vulnerable to cold.
Jewellery
 c - a ring of resist corrosion
 f - a ring of ice
 r - an amulet of faith (around neck)
 s - a ring of willpower
 v - a ring of see invisible (left hand)
 x - a +6 ring of dexterity
 y - a +6 ring of strength (right hand)
 z - an amulet of reflection
 A - a ring of fire
Wands
 u - a wand of digging (6)
Scrolls
 a - 17 scrolls of identify
Potions
 b - 2 potions of lignification
 d - 4 potions of might
 e - a potion of resistance
 h - 10 potions of curing
 j - 3 potions of attraction
 k - 8 potions of haste

Dungeon Overview and Level Annotations

Branches:
Dungeon (15/15)            Temple (1/1) D:5            Lair (5/5) D:8
 Shoals (0/4) Lair:3        Snake (0/4) Lair:3        Slime (0/5) Lair:5
    Orc (0/2) D:9          Vaults (0/5) D:14         Depths (0/4) D:15
Ossuary (visited)

Altars:
Ashenzari
Cheibriados
Dithmenos
Elyvilon
Fedhas
Gozag
Hepliaklqana
Kikubaaqudgha
Makhleb
Nemelex Xobeh
Okawaru
Qazlal
Ru
Sif Muna
Trog
Uskayaw
Vehumet
Wu Jian
Xom
Yredelemnul
Zin
The Shining One
Jiyva

Shops:
D:7 ?   D:10 *   D:11 =   D:13 !   D:14 :


Message History

The tengu reaver hits you but does no damage.
The tengu reaver pecks you but does no damage.
The tengu reaver claws you but does no damage.
You hit the tengu reaver. You burn the tengu reaver.
The tengu reaver is lightly wounded.
You hit the tengu reaver. You burn the tengu reaver.
The tengu reaver is lightly wounded.
The tengu reaver hits you with a +3 heavy dire flail.
You block the tengu reaver's attack. The tengu reaver claws you.
You hit the tengu reaver but do no damage.
The tengu reaver is lightly wounded.
You barely miss the tengu reaver.
The tengu reaver is lightly wounded.
The tengu reaver casts a spell at you. The bolt of cold hits you!
You slice the tengu reaver!! You burn the tengu reaver.
The tengu reaver is heavily wounded.
You hit the tengu reaver but do no damage.
The tengu reaver is heavily wounded.
The tengu reaver gestures at you while chanting.
The bolt of acid hits you!! The acid corrodes you!
You miss the tengu reaver.
The tengu reaver is moderately wounded.
The tengu reaver hits you with a +3 heavy dire flail.
You block the tengu reaver's attack.
The tengu reaver claws you but does no damage.
You hit the tengu reaver but do no damage.
The tengu reaver is moderately wounded.
You slice the cyclops!! You burn the cyclops! The cyclops closely misses you.
You hit the cyclops but do no damage.
The cyclops is heavily wounded.
You slice the tengu reaver!! You burn the tengu reaver!
The tengu reaver gestures at you while chanting.
The bolt of acid hits you!!
21346 ||| READING scroll of teleportation.
As you read the scroll of teleportation, it crumbles to dust.
You feel strangely unstable.
The tengu reaver hits you with a +3 heavy dire flail!!
You die...

...........##.....#...#.#.#(#.#.#
......................#.#.....#.#
####################..#.#.#.#.#.#
########.#######.####....#....#..
~~~~##......#%.....##.#...#####.#
..P~##.##..#'#.##..##.##........#
..P~#.......#).#.#..#..##.###.###
.}P~##..##)#+#..##.##...........^
..P~##...)..#...@..#######.......
~~~~##.#.#.####C#Q## ##......
+######'#+## #'#'## #..#...
#.####.#.#.#....# #.....#
....#......#..#. #.#.#..
.#.#)#.##..#!.u #...... .#..#..#
#.#!.# #..#... #..#+#..# .#/.
#...... ....#..... ## #.#.#..


You could see a tengu reaver and a cyclops.

Vanquished Creatures
  Gastronok (Lair:3)
  Kirke (D:14)
  A frost giant (D:15)
  Azrael (D:12)
  A white draconian (Abyss:2)
  Fannar (Lair:3)
  A great orb of eyes (Abyss:2)
  3 hydras
  An ogre mage (D:15)
  4 vault guards (D:14)
  5 centaur warriors
  Erica (D:8)
  3 catoblepae (Lair:5)
  3 boulder beetles
  8 two-headed ogres
  10 death yaks (Lair:5)
  2 thrashing horrors (Abyss:2)
  A tengu warrior (D:15)
  6 large abominations (Abyss:2)
  2 skysharks
  A skeletal warrior (D:14)
  A wretched star (Abyss:2)
  A glowing orange brain (Abyss:2)
  An orc knight (D:13)
  3 wizards
  4 starcursed masses (Abyss:2)
  4 deep elf pyromancers
  A salamander (Lair:3)
  6 cyclopes
  3 manticores
  A worldbinder (Abyss:2)
  2 black mambas (Lair:3)
  Joseph (Lair:1)
  16 ugly things
  An orange demon (Abyss:2)
  7 cane toads
  A water nymph (Lair:3)
  An unseen horror (D:11)
  3 smoke demons
  2 gargoyles
  2 yaktaurs (D:15)
  2 rime drakes
  12 komodo dragons
  An ancient zyme (Abyss:2)
  2 trolls
  An anaconda simulacrum (Abyss:2)
  3 polar bears
  A hornet (shapeshifter) (D:15)
  A wolf spider simulacrum (D:15)
  3 hornets
  Prince Ribbit (D:7)
  Grinder (D:6)
  17 blink frogs
  19 dream sheep
  6 slime creatures (D:12)
  A flying skull (Abyss:2)
  2 ynoxinuls (Abyss:2)
  2 vampires
  2 wraiths
  4 wyverns
  7 basilisks
  43 yaks
  2 chaos spawn (Abyss:2)
  3 humans (D:14)
  2 fire elementals (D:12)
  2 steam dragons (D:8)
  A warg (D:9)
  9 vampire mosquitoes
  Edmund (D:4)
  3 acid dragons
  9 water moccasins
  5 hell hounds (D:12)
  5 orc warriors
  3 ice beasts
  3 black bears
  15 wolves
  4 ogres
  5 centaurs
  A phantom (D:4)
  A kobold brigand (D:9)
  14 bullfrogs
  4 scorpions
  2 gnoll sergeants
  2 small abominations (Abyss:2)
  8 wights
  8 killer bees (D:9)
  6 howler monkeys
  3 lava snakes (Lair:3)
  4 jellies
  4 hounds
  A gnoll bouda (D:5)
  7 orc priests
  An iron imp (Abyss:2)
  A sleepcap (D:4)
  5 iguanas
  10 orc wizards
  21 hell rats
  3 mummies (Ossuary)
  14 gnolls
  6 adders
  3 shadow imps
  2 white imps
  An ufetubus (Abyss:2)
  3 worms
  3 dart slugs
  32 orcs
  4 ball pythons
  10 endoplasms
  2 giant cockroaches
  5 goblins
  13 hobgoblins
  7 jackals
  4 quokkas
  6 bats
  3 frilled lizards
  A goblin zombie (Ossuary)
  2 hobgoblin zombies (Ossuary)
  12 kobolds
  2 quokka zombies (Ossuary)
  12 rats
  A rat zombie (Ossuary)
575 creatures vanquished.

Notes
Turn   | Place    | Note
-------+----------+-------------------------------------------
     0 | D:1      | qw the Gargoyle Fighter began the quest for the Orb.
     0 | D:1      | Reached XP level 1. HP: 14/14 MP: 1/1
     0 | D:1      | 0 ||| qw: Version: 0.2-a-29-g511e9b1
     0 | D:1      | 0 ||| qw: Game counter: 5569
     0 | D:1      | 0 ||| qw: Always use a shield: true
     0 | D:1      | 0 ||| qw: God list: Okawaru
     0 | D:1      | 0 ||| qw: Allow faded altars: false
     0 | D:1      | 0 ||| qw: Do Orc after D:15 true
     0 | D:1      | 0 ||| qw: Do second Lair branch before Depths: true
     0 | D:1      | 0 ||| qw: Lair rune preference: random
     0 | D:1      | 0 ||| qw: Plans: Normal, Zot:1-4, Slime:5, God:TSO, Crypt,
                  | Tomb, Abyss, Pan, Hells, Win
     0 | D:1      | 0 ||| PLANNING D:1-11
    10 | D:1      | Noticed a salamander
    10 | D:1      | Noticed a hound
    10 | D:1      | Noticed a polar bear
    32 | D:1      | Reached skill level 2 in Axes
    96 | D:1      | Reached XP level 2. HP: 19/19 MP: 2/2
   189 | D:1      | 189 ||| DROPPING +0 club.
   208 | D:1      | 208 ||| Stepping ~*~*~tactically~*~*~ (hiding).
   397 | D:1      | Reached skill level 3 in Axes
   483 | D:1      | Reached XP level 3. HP: 23/23 MP: 3/3
   717 | D:1      | 717 ||| READING scroll labelled UZIOT TOTO.
   718 | D:1      | 718 ||| READING scroll labelled LEVVIL PUXOT.
   719 | D:1      | 719 ||| READING scroll labelled QOKOIR XONIDGH.
   720 | D:1      | 720 ||| DRINKING 2 golden potions.
   799 | D:2      | 799 ||| DROPPING +0 whip.
  1132 | D:2      | Reached XP level 4. HP: 28/28 MP: 4/4
  1326 | D:2      | Reached skill level 4 in Axes
  1550 | D:2      | 1550 ||| UPGRADING to +1 cloak.
  1555 | D:2      | 1555 ||| UPGRADING to +0 chain mail.
  1565 | D:2      | 1565 ||| DROPPING +0 scale mail.
  1566 | D:2      | 1566 ||| UPGRADING to ring of resist corrosion.
  1567 | D:2      | 1567 ||| READING scroll labelled XONNYUCKOEXOU.
  1568 | D:2      | 1568 ||| READING scroll labelled MEKHIU CEORCH.
  1569 | D:2      | 1569 ||| READING scroll labelled WEG XIAPIGUO.
  1573 | D:2      | 1573 ||| READING 2 scrolls of identify.
  1573 | D:2      | 1573 ||| IDENTIFYING yellow potion
  1574 | D:2      | 1574 ||| DROPPING potion of ambrosia.
  1878 | D:3      | 1878 ||| Stepping ~*~*~tactically~*~*~ (stealth).
  1879 | D:3      | 1879 ||| Stepping ~*~*~tactically~*~*~ (stealth).
  2031 | D:3      | 2031 ||| Stepping ~*~*~tactically~*~*~ (stealth).
  2033 | D:3      | 2033 ||| Stepping ~*~*~tactically~*~*~ (stealth).
  2035 | D:3      | 2035 ||| Stepping ~*~*~tactically~*~*~ (stealth).
  2183 | D:3      | Identified the +8 mace "Lacertilian's Demise" {drain, rC+
                  | Str+4 Dex+4}
  2406 | D:3      | 2406 ||| Stepping ~*~*~tactically~*~*~ (hiding).
  2423 | D:3      | 2423 ||| FLEEEEING.
  2426 | D:3      | 2426 ||| FLEEEEING.
  2427 | D:3      | 2427 ||| FLEEEEING.
  2437 | D:3      | 2437 ||| FLEEEEING.
  2438 | D:3      | 2438 ||| FLEEEEING.
  2453 | D:3      | Reached XP level 5. HP: 20/32 MP: 5/5
  2549 | D:3      | 2549 ||| Stepping ~*~*~tactically~*~*~ (stealth).
  2551 | D:3      | 2551 ||| Stepping ~*~*~tactically~*~*~ (stealth).
  2598 | D:3      | 2598 ||| DRINKING 2 murky sapphire potions.
  2599 | D:3      | 2599 ||| DROPPING potion of enlightenment.
  2665 | D:4      | Noticed a black bear
  2672 | D:4      | Reached skill level 5 in Axes
  2677 | D:4      | HP: 7/32 [black bear (6)]
  2679 | D:4      | Killed a black bear
  2680 | D:4      | Reached XP level 6. HP: 10/39 MP: 6/6
  2988 | D:4      | Noticed Edmund
  2997 | D:4      | Killed Edmund
  2998 | D:4      | Reached skill level 6 in Axes
  2998 | D:4      | Reached XP level 7. HP: 29/44 MP: 7/7
  3088 | D:4      | HP: 7/44 [ogre/+0 giant spiked club (16)]
  3089 | D:4      | 3089 ||| READING scroll of teleportation.
  3091 | D:4      | HP: 3/44 [centaur/+0 flail (2)]
  3099 | D:4      | HP: 2/44 [centaur/arrow (4)]
  3100 | D:4      | Reached skill level 1 in Dodging
  3102 | D:4      | 3102 ||| Stepping ~*~*~tactically~*~*~ (hiding).
  3257 | D:4      | 3257 ||| DROPPING +0 mace.
  3350 | D:4      | Reached skill level 7 in Axes
  3556 | D:4      | 3556 ||| UPGRADING to +0 pair of boots.
  3561 | D:4      | 3561 ||| UPGRADING to amulet of faith.
  3566 | D:4      | 3566 ||| READING scroll labelled DYREDI QUDOR.
  3667 | D:4      | 3667 ||| DRINKING 2 fuming black potions.
  3668 | D:4      | 3668 ||| DRINKING 2 ruby potions.
  3669 | D:4      | 3669 ||| DRINKING 2 bubbling black potions.
  3670 | D:4      | 3670 ||| DROPPING potion of brilliance.
  3694 | D:5      | Entered Level 5 of the Dungeon
  3747 | D:5      | Reached XP level 8. HP: 40/50 MP: 8/8
  3972 | D:5      | 3972 ||| Stepping ~*~*~tactically~*~*~ (stealth).
  4099 | D:5      | 4099 ||| Stepping ~*~*~tactically~*~*~ (stealth).
  4113 | D:5      | Reached skill level 8 in Axes
  4248 | D:5      | 4248 ||| Stepping ~*~*~tactically~*~*~ (stealth).
  4323 | D:5      | Found a hazy altar of Hepliaklqana.
  4540 | D:5      | Found a staircase to the Ecumenical Temple.
  4541 | D:5      | 4541 ||| PLANNING TEMPLE
  4541 | D:5      | 4541 ||| READING scroll labelled MEIRHYDENK.
  4542 | D:5      | 4542 ||| DROPPING +8 mace "Lacertilian's Demise" {drain,
                  | rC+ Str+4 Dex+4}.
  4543 | D:5      | 4543 ||| DROPPING +0 flail.
  4544 | D:5      | 4544 ||| READING scroll labelled UFEAPLUPNE.
  4554 | Temple   | Entered the Ecumenical Temple
  4603 | Temple   | 4603 ||| PLANNING OKAWARU WORSHIP
  4612 | Temple   | Became a worshipper of Warmaster Okawaru
  4613 | Temple   | 4613 ||| PLANNING D:1-11
  4791 | D:6      | 4791 ||| PLANNING OSSUARY
  4808 | D:6      | Identified the +1 leather armour of the Stone Wall {Will+}
  4819 | D:6      | 4819 ||| Stepping ~*~*~tactically~*~*~ (hiding).
  4820 | D:6      | 4820 ||| Stepping ~*~*~tactically~*~*~ (hiding).
  4821 | D:6      | 4821 ||| Stepping ~*~*~tactically~*~*~ (hiding).
  4841 | D:6      | 4841 ||| FLEEEEING.
  4879 | D:6      | Reached skill level 6 in Fighting
  5096 | D:6      | Noticed Grinder
  5110 | D:6      | Paralysed by Grinder for 4 turns
  5123 | D:6      | Killed Grinder
  5123 | D:6      | Reached * piety under Okawaru
  5124 | D:6      | Reached skill level 9 in Axes
  5124 | D:6      | Reached XP level 9. HP: 46/55 MP: 9/9
  5229 | D:6      | Reached skill level 1 in Invocations
  5335 | D:6      | Found a sand-covered staircase.
  5336 | D:6      | 5336 ||| READING 4 scrolls of identify.
  5336 | D:6      | 5336 ||| IDENTIFYING green potion
  5337 | D:6      | 5337 ||| READING 3 scrolls of identify.
  5337 | D:6      | 5337 ||| IDENTIFYING fizzy emerald potion
  5338 | D:6      | 5338 ||| READING 2 scrolls of identify.
  5338 | D:6      | 5338 ||| IDENTIFYING sedimented ruby potion
  5339 | D:6      | 5339 ||| DROPPING potion of degeneration.
  5345 | Ossuary  | Entered an ossuary
  5351 | Ossuary  | Reached skill level 1 in Throwing
  5424 | D:6      | 5424 ||| PLANNING D:1-11
  5425 | D:6      | Identified the +8 mace "Unaetis" {pain, rPois rC+ Str+2
                  | Stlth+}
  5554 | D:7      | 5554 ||| Stepping ~*~*~tactically~*~*~ (hiding).
  5565 | D:7      | 5565 ||| READING scroll of enchant weapon.
  5565 | D:7      | 5565 ||| ENCHANTING +1 war axe of flaming.
  5628 | D:7      | 5628 ||| Stepping ~*~*~tactically~*~*~ (stealth).
  5637 | D:7      | Reached skill level 3 in Invocations
  5701 | D:7      | Noticed Prince Ribbit
  5702 | D:7      | 5702 ||| INVOKING Heroism.
  5717 | D:7      | Killed Prince Ribbit
  5717 | D:7      | Reached ** piety under Okawaru
  6176 | D:7      | Found Poffib's Magic Scroll Shop.
  6181 | D:7      | 6181 ||| BUYING scroll of enchant armour (90 gold).
  6181 | D:7      | Bought a scroll of enchant armour for 90 gold pieces
  6181 | D:7      | 6181 ||| BUYING scroll of identify (24 gold).
  6181 | D:7      | Bought a scroll of identify for 24 gold pieces
  6181 | D:7      | 6181 ||| BUYING scroll of identify (24 gold).
  6181 | D:7      | Bought a scroll of identify for 24 gold pieces
  6181 | D:7      | 6181 ||| BUYING scroll of teleportation (36 gold).
  6181 | D:7      | Bought a scroll of teleportation for 36 gold pieces
  6181 | D:7      | 6181 ||| BUYING scroll of teleportation (36 gold).
  6181 | D:7      | Bought a scroll of teleportation for 36 gold pieces
  6181 | D:7      | 6181 ||| BUYING scroll of teleportation (36 gold).
  6181 | D:7      | Bought a scroll of teleportation for 36 gold pieces
  6181 | D:7      | 6181 ||| READING scroll of enchant armour.
  6181 | D:7      | 6181 ||| ENCHANTING +0 pair of boots.
  6419 | D:7      | 6419 ||| UPGRADING to +2 cloak.
  6429 | D:7      | 6429 ||| DROPPING +1 cloak.
  6430 | D:7      | 6430 ||| READING scroll labelled UGGOUH FANG.
  6431 | D:7      | 6431 ||| DRINKING 2 pink potions.
  6432 | D:7      | 6432 ||| READING 3 scrolls of identify.
  6432 | D:7      | 6432 ||| IDENTIFYING amethyst potion
  6433 | D:7      | 6433 ||| DRINKING potion of experience.
  6433 | D:7      | Reached XP level 10. HP: 74/74 MP: 13/13
  6434 | D:7      | 6434 ||| DROPPING potion of invisibility.
  6439 | D:8      | 6439 ||| Stepping ~*~*~tactically~*~*~ (stealth).
  6440 | D:8      | 6440 ||| Stepping ~*~*~tactically~*~*~ (stealth).
  6441 | D:8      | 6441 ||| Stepping ~*~*~tactically~*~*~ (stealth).
  6443 | D:8      | 6443 ||| Stepping ~*~*~tactically~*~*~ (stealth).
  6445 | D:8      | 6445 ||| Stepping ~*~*~tactically~*~*~ (stealth).
  6448 | D:8      | 6448 ||| Stepping ~*~*~tactically~*~*~ (stealth).
  6460 | D:8      | 6460 ||| Stepping ~*~*~tactically~*~*~ (stealth).
  6472 | D:8      | 6472 ||| INVOKING Heroism.
  6625 | D:8      | Noticed Erica
  6626 | D:8      | 6626 ||| Stepping ~*~*~tactically~*~*~ (stealth).
  6628 | D:8      | 6628 ||| INVOKING Heroism.
  6639 | D:8      | Killed Erica
  6639 | D:8      | Reached *** piety under Okawaru
  6686 | D:8      | 6686 ||| INVOKING Heroism.
  6687 | D:8      | 6687 ||| Stepping ~*~*~tactically~*~*~ (cloud).
  6694 | D:8      | Reached XP level 11. HP: 77/79 MP: 12/14
  6696 | D:8      | 6696 ||| DRINKING 2 potions of curing.
  6696 | D:8      | 6696 ||| (to cure confusion)
  6923 | D:8      | 6923 ||| Stepping ~*~*~tactically~*~*~ (stealth).
  6929 | D:8      | 6929 ||| INVOKING Heroism.
  6934 | D:8      | 6934 ||| Stepping ~*~*~tactically~*~*~ (hiding).
  6935 | D:8      | 6935 ||| Stepping ~*~*~tactically~*~*~ (hiding).
  6993 | D:8      | 6993 ||| INVOKING Heroism.
  7060 | D:8      | Reached skill level 10 in Axes
  7113 | D:8      | 7113 ||| INVOKING Heroism.
  7152 | D:8      | 7152 ||| INVOKING Heroism.
  7153 | D:8      | 7153 ||| Stepping ~*~*~tactically~*~*~ (cloud).
  7155 | D:8      | 7155 ||| Stepping ~*~*~tactically~*~*~ (cloud).
  7156 | D:8      | 7156 ||| Stepping ~*~*~tactically~*~*~ (cloud).
  7158 | D:8      | 7158 ||| Stepping ~*~*~tactically~*~*~ (cloud).
  7163 | D:8      | 7163 ||| Stepping ~*~*~tactically~*~*~ (hiding).
  7172 | D:8      | Reached skill level 3 in Throwing
  7182 | D:8      | Identified the +0 leather armour "Itarch" {Int+3}
  7239 | D:8      | Found a staircase to the Lair.
  7245 | D:8      | 7245 ||| PLANNING LAIR
  7245 | D:8      | 7245 ||| UPGRADING to +0 plate armour.
  7255 | D:8      | 7255 ||| DROPPING +0 chain mail.
  7256 | D:8      | 7256 ||| DROPPING +0 scale mail of fire resistance.
  7258 | Lair:1   | Entered Level 1 of the Lair of Beasts
  7260 | Lair:1   | 7260 ||| INVOKING Heroism.
  7418 | Lair:1   | 7418 ||| Stepping ~*~*~tactically~*~*~ (stealth).
  7419 | Lair:1   | 7419 ||| Stepping ~*~*~tactically~*~*~ (stealth).
  7420 | Lair:1   | 7420 ||| INVOKING Heroism.
  7423 | Lair:1   | Reached skill level 6 in Armour
  7437 | Lair:1   | Received a gift from Okawaru
  7484 | Lair:1   | 7484 ||| READING 2 scrolls of enchant armour.
  7484 | Lair:1   | 7484 ||| ENCHANTING +1 pair of boots.
  7485 | Lair:1   | 7485 ||| READING scroll of enchant armour.
  7485 | Lair:1   | 7485 ||| ENCHANTING +0 plate armour.
  7538 | Lair:1   | Reached **** piety under Okawaru
  7610 | Lair:1   | 7610 ||| INVOKING Heroism.
  7649 | Lair:1   | Noticed Joseph
  7655 | Lair:1   | Killed Joseph
  7655 | Lair:1   | Received a gift from Okawaru
  7692 | Lair:1   | 7692 ||| READING scroll of enchant weapon.
  7692 | Lair:1   | 7692 ||| ENCHANTING +2 war axe of flaming.
  7777 | Lair:1   | 7777 ||| INVOKING Heroism.
  7782 | Lair:1   | Received a gift from Okawaru
  8043 | Lair:1   | 8043 ||| READING scroll labelled DUAP QUKUCIT.
  8076 | Lair:2   | Noticed a skyshark
  8085 | Lair:2   | 8085 ||| INVOKING Heroism.
  8088 | Lair:2   | Killed a skyshark
  8089 | Lair:2   | Reached skill level 6 in Invocations
  8174 | Lair:2   | 8174 ||| Stepping ~*~*~tactically~*~*~ (stealth).
  8177 | Lair:2   | 8177 ||| INVOKING Heroism.
  8342 | Lair:2   | You fall into a shaft and drop 2 floors!
  8390 | Lair:4   | 8390 ||| INVOKING Heroism.
  8393 | Lair:4   | Reached XP level 12. HP: 84/84 MP: 13/16
  8528 | Lair:3   | Reached skill level 11 in Axes
  8533 | Lair:3   | Reached ***** piety under Okawaru
  8570 | Lair:3   | 8570 ||| Stepping ~*~*~tactically~*~*~ (stealth).
  8571 | Lair:3   | 8571 ||| Stepping ~*~*~tactically~*~*~ (stealth).
  8572 | Lair:3   | 8572 ||| Stepping ~*~*~tactically~*~*~ (stealth).
  8574 | Lair:3   | 8574 ||| Stepping ~*~*~tactically~*~*~ (stealth).
  8575 | Lair:3   | 8575 ||| Stepping ~*~*~tactically~*~*~ (stealth).
  8678 | Lair:2   | 8678 ||| INVOKING Heroism.
  8858 | Lair:2   | 8858 ||| Stepping ~*~*~tactically~*~*~ (stealth).
  8859 | Lair:2   | 8859 ||| Stepping ~*~*~tactically~*~*~ (stealth).
  8861 | Lair:2   | 8861 ||| Stepping ~*~*~tactically~*~*~ (stealth).
  8872 | Lair:2   | 8872 ||| INVOKING Heroism.
  8878 | Lair:2   | 8878 ||| FLEEEEING.
  8879 | Lair:2   | 8879 ||| FLEEEEING.
  8880 | Lair:2   | 8880 ||| FLEEEEING.
  8898 | Lair:2   | 8898 ||| STAIRDANCE
  9009 | Lair:2   | 9009 ||| STAIRDANCE
  9362 | Lair:2   | 9362 ||| Stepping ~*~*~tactically~*~*~ (stealth).
  9364 | Lair:2   | 9364 ||| Stepping ~*~*~tactically~*~*~ (stealth).
  9485 | Lair:2   | 9485 ||| READING scroll of enchant weapon.
  9485 | Lair:2   | 9485 ||| ENCHANTING +3 war axe of flaming.
  9808 | Lair:2   | 9808 ||| READING scroll labelled JAXUPOAFEDD.
  9809 | Lair:2   | 9809 ||| READING 5 scrolls of identify.
  9809 | Lair:2   | 9809 ||| IDENTIFYING bubbling purple potion
  9848 | Lair:3   | Noticed a four-headed hydra
  9849 | Lair:3   | 9849 ||| INVOKING Heroism.
  9857 | Lair:3   | Killed a one-headed hydra
  9930 | Lair:3   | Noticed a seven-headed hydra
  9931 | Lair:3   | 9931 ||| INVOKING Heroism.
  9938 | Lair:3   | Killed a four-headed hydra
 10004 | Lair:3   | 10004 ||| Stepping ~*~*~tactically~*~*~ (stealth).
 10005 | Lair:3   | 10005 ||| Stepping ~*~*~tactically~*~*~ (stealth).
 10011 | Lair:3   | 10011 ||| READING scroll of enchant armour.
 10011 | Lair:3   | 10011 ||| ENCHANTING +1 plate armour.
 10027 | Lair:3   | Noticed Gastronok
 10028 | Lair:3   | 10028 ||| INVOKING Heroism.
 10030 | Lair:3   | Reached skill level 9 in Invocations
 10044 | Lair:3   | Killed Gastronok
 10044 | Lair:3   | Received a gift from Okawaru
 10412 | Lair:3   | 10412 ||| Stepping ~*~*~tactically~*~*~ (hiding).
 10413 | Lair:3   | 10413 ||| INVOKING Heroism.
 10421 | Lair:3   | Reached skill level 12 in Axes
 10421 | Lair:3   | 10421 ||| Stepping ~*~*~tactically~*~*~ (water).
 10559 | Lair:3   | Found a staircase to the Snake Pit.
 10567 | Lair:3   | 10567 ||| FLEEEEING.
 10568 | Lair:3   | 10568 ||| FLEEEEING.
 10569 | Lair:3   | 10569 ||| FLEEEEING.
 10570 | Lair:3   | 10570 ||| FLEEEEING.
 10571 | Lair:3   | 10571 ||| FLEEEEING.
 10572 | Lair:3   | 10572 ||| FLEEEEING.
 10577 | Lair:3   | 10577 ||| STAIRDANCE
 10707 | Lair:3   | 10707 ||| FLEEEEING.
 10708 | Lair:3   | 10708 ||| FLEEEEING.
 10709 | Lair:3   | 10709 ||| FLEEEEING.
 10710 | Lair:3   | 10710 ||| FLEEEEING.
 10711 | Lair:3   | 10711 ||| FLEEEEING.
 10712 | Lair:3   | 10712 ||| FLEEEEING.
 10717 | Lair:3   | 10717 ||| STAIRDANCE
 10784 | Lair:3   | 10784 ||| FLEEEEING.
 10785 | Lair:3   | 10785 ||| FLEEEEING.
 10786 | Lair:3   | 10786 ||| FLEEEEING.
 10787 | Lair:3   | 10787 ||| FLEEEEING.
 10792 | Lair:3   | 10792 ||| STAIRDANCE
 10836 | Lair:3   | 10836 ||| FLEEEEING.
 10837 | Lair:3   | 10837 ||| FLEEEEING.
 10838 | Lair:3   | 10838 ||| FLEEEEING.
 10839 | Lair:3   | 10839 ||| FLEEEEING.
 10844 | Lair:3   | 10844 ||| STAIRDANCE
 10897 | Lair:3   | 10897 ||| FLEEEEING.
 10898 | Lair:3   | 10898 ||| FLEEEEING.
 10900 | Lair:3   | 10900 ||| FLEEEEING.
 11031 | Lair:3   | Noticed Fannar
 11032 | Lair:3   | 11032 ||| Stepping ~*~*~tactically~*~*~ (hiding).
 11034 | Lair:3   | 11034 ||| Stepping ~*~*~tactically~*~*~ (hiding).
 11050 | Lair:3   | 11050 ||| INVOKING Heroism.
 11051 | Lair:3   | Killed Fannar
 11052 | Lair:3   | Reached XP level 13. HP: 61/89 MP: 17/20
 11090 | Lair:3   | 11090 ||| Stepping ~*~*~tactically~*~*~ (stealth).
 11095 | Lair:3   | 11095 ||| Stepping ~*~*~tactically~*~*~ (stealth).
 11153 | Lair:3   | 11153 ||| Stepping ~*~*~tactically~*~*~ (stealth).
 11156 | Lair:3   | 11156 ||| INVOKING Heroism.
 11172 | Lair:3   | Reached skill level 6 in Shields
 11178 | Lair:3   | 11178 ||| INVOKING Heroism.
 11546 | Lair:4   | 11546 ||| INVOKING Heroism.
 11655 | Lair:4   | 11655 ||| INVOKING Heroism.
 11746 | Lair:4   | Reached skill level 9 in Armour
 11891 | Lair:4   | 11891 ||| INVOKING Heroism.
 11892 | Lair:4   | 11892 ||| INVOKING Finesse.
 12270 | Lair:4   | 12270 ||| READING scroll labelled GUITTU GIGOTAO.
 12271 | Lair:4   | 12271 ||| READING 2 scrolls labelled UDOSMA YHUDU.
 12272 | Lair:4   | 12272 ||| DROPPING scroll of blinking.
 12290 | Lair:5   | Entered Level 5 of the Lair of Beasts
 12291 | Lair:5   | 12291 ||| INVOKING Heroism.
 12302 | Lair:5   | Received a gift from Okawaru
 12321 | Lair:5   | Reached skill level 13 in Axes
 12343 | Lair:5   | 12343 ||| STAIRDANCE
 12345 | Lair:4   | Received a gift from Okawaru
 12430 | Lair:5   | Found a staircase to the Slime Pits.
 12430 | Lair:5   | Found a viscous altar of Jiyva.
 12459 | Lair:5   | 12459 ||| INVOKING Heroism.
 12515 | Lair:5   | 12515 ||| INVOKING Heroism.
 12527 | Lair:5   | 12527 ||| Stepping ~*~*~tactically~*~*~ (stealth).
 12552 | Lair:5   | 12552 ||| INVOKING Heroism.
 12629 | Lair:5   | 12629 ||| INVOKING Heroism.
 12630 | Lair:5   | 12630 ||| INVOKING Finesse.
 12688 | Lair:5   | 12688 ||| INVOKING Heroism.
 12689 | Lair:5   | 12689 ||| INVOKING Finesse.
 12706 | Lair:5   | Received a gift from Okawaru
 12707 | Lair:5   | Reached skill level 14 in Axes
 12721 | Lair:5   | Identified the +2 helmet of Defiance {rN++} (Okawaru gifted
                  | it to you on level 5 of the Lair of Beasts)
 12721 | Lair:5   | Received a gift from Okawaru
 12731 | Lair:5   | 12731 ||| Stepping ~*~*~tactically~*~*~ (stealth).
 12802 | Lair:5   | 12802 ||| Stepping ~*~*~tactically~*~*~ (hiding).
 12804 | Lair:5   | 12804 ||| INVOKING Heroism.
 12805 | Lair:5   | 12805 ||| INVOKING Finesse.
 12816 | Lair:5   | Gained mutation: Your large and strong wings let you fly.
                  | [Gargoyle growth]
 12816 | Lair:5   | Reached XP level 14. HP: 94/95 MP: 13/21
 12863 | Lair:5   | 12863 ||| Stepping ~*~*~tactically~*~*~ (hiding).
 12870 | Lair:5   | 12870 ||| INVOKING Heroism.
 12965 | Lair:5   | 12965 ||| INVOKING Heroism.
 12966 | Lair:5   | 12966 ||| INVOKING Finesse.
 13049 | Lair:5   | 13049 ||| INVOKING Heroism.
 13096 | Lair:5   | Identified the +2 fire dragon scales "Oruisest" {rF++ rC-
                  | Int+2}
 13240 | Lair:5   | 13240 ||| INVOKING Heroism.
 13604 | Lair:5   | 13604 ||| PLANNING D:1-11
 13604 | Lair:5   | 13604 ||| UPGRADING to +2 helmet of Defiance {rN++}.
 13745 | D:9      | 13745 ||| Stepping ~*~*~tactically~*~*~ (hiding).
 13746 | D:9      | 13746 ||| Stepping ~*~*~tactically~*~*~ (hiding).
 13747 | D:9      | 13747 ||| Stepping ~*~*~tactically~*~*~ (hiding).
 13748 | D:9      | 13748 ||| Stepping ~*~*~tactically~*~*~ (hiding).
 13759 | D:9      | 13759 ||| Stepping ~*~*~tactically~*~*~ (hiding).
 13761 | D:9      | 13761 ||| Stepping ~*~*~tactically~*~*~ (hiding).
 13764 | D:9      | 13764 ||| Stepping ~*~*~tactically~*~*~ (hiding).
 13778 | D:9      | 13778 ||| Stepping ~*~*~tactically~*~*~ (hiding).
 13807 | D:9      | 13807 ||| Stepping ~*~*~tactically~*~*~ (stealth).
 13825 | D:9      | Found a staircase to the Orcish Mines.
 13849 | D:9      | 13849 ||| Stepping ~*~*~tactically~*~*~ (hiding).
 13851 | D:9      | 13851 ||| Stepping ~*~*~tactically~*~*~ (hiding).
 13980 | D:9      | 13980 ||| Stepping ~*~*~tactically~*~*~ (stealth).
 13995 | D:9      | 13995 ||| Stepping ~*~*~tactically~*~*~ (hiding).
 13998 | D:9      | 13998 ||| Stepping ~*~*~tactically~*~*~ (hiding).
 14000 | D:9      | 14000 ||| Stepping ~*~*~tactically~*~*~ (hiding).
 14002 | D:9      | 14002 ||| Stepping ~*~*~tactically~*~*~ (hiding).
 14004 | D:9      | 14004 ||| Stepping ~*~*~tactically~*~*~ (stealth).
 14073 | D:9      | 14073 ||| Stepping ~*~*~tactically~*~*~ (stealth).
 14209 | D:9      | 14209 ||| Stepping ~*~*~tactically~*~*~ (hiding).
 14374 | D:9      | 14374 ||| Stepping ~*~*~tactically~*~*~ (stealth).
 14626 | D:9      | 14626 ||| UPGRADING to +0 kite shield.
 14636 | D:9      | 14636 ||| DROPPING +0 buckler.
 14664 | D:10     | Entered Level 10 of the Dungeon
 14932 | D:10     | 14932 ||| Stepping ~*~*~tactically~*~*~ (hiding).
 14933 | D:10     | 14933 ||| Stepping ~*~*~tactically~*~*~ (hiding).
 14934 | D:10     | 14934 ||| Stepping ~*~*~tactically~*~*~ (hiding).
 15211 | D:10     | Found Cunwew's General Store.
 15219 | D:10     | 15219 ||| BUYING 2 potions of curing (84 gold).
 15219 | D:10     | Bought 2 potions of curing for 84 gold pieces
 15219 | D:10     | 15219 ||| BUYING amulet of guardian spirit (420 gold).
 15219 | D:10     | Bought an amulet of guardian spirit for 420 gold pieces
 15228 | D:10     | 15228 ||| Stepping ~*~*~tactically~*~*~ (hiding).
 15659 | D:11     | 15659 ||| Stepping ~*~*~tactically~*~*~ (hiding).
 15661 | D:11     | 15661 ||| Stepping ~*~*~tactically~*~*~ (stealth).
 15662 | D:11     | 15662 ||| Stepping ~*~*~tactically~*~*~ (hiding).
 15829 | D:11     | Found Meag's Jewellery Emporium.
 15835 | D:11     | 15835 ||| SHOPLISTING +5 ring of evasion (540 gold, have
                  | 498).
 15835 | D:11     | 15835 ||| SHOPLISTING +6 ring of strength (540 gold, have
                  | 498).
 15835 | D:11     | 15835 ||| BUYING amulet of reflection (450 gold).
 15835 | D:11     | Bought an amulet of reflection for 450 gold pieces
 15835 | D:11     | 15835 ||| SHOPLISTING ring of Haifrush {Fly rPois rCorr
                  | Dex-3} (420 gold, have 48).
 16050 | D:11     | 16050 ||| PLANNING D
 16050 | D:11     | 16050 ||| DROPPING amulet of the acrobat.
 16051 | D:11     | 16051 ||| DROPPING amulet of guardian spirit.
 16052 | D:11     | 16052 ||| UPGRADING to +6 ring of strength.
 16189 | D:12     | 16189 ||| INVOKING Heroism.
 16191 | D:12     | 16191 ||| READING 6 scrolls of teleportation.
 16195 | D:12     | Noticed Azrael
 16196 | D:12     | 16196 ||| INVOKING Finesse.
 16209 | D:12     | HP: 5/95 [Azrael/bolt of fire (21)]
 16210 | D:12     | 16210 ||| READING 5 scrolls of teleportation.
 16211 | D:12     | 16211 ||| DRINKING 3 potions of heal wounds.
 16212 | D:12     | 16212 ||| DRINKING 2 potions of heal wounds.
 16282 | D:12     | 16282 ||| Stepping ~*~*~tactically~*~*~ (stealth).
 16283 | D:12     | 16283 ||| INVOKING Heroism.
 16284 | D:12     | 16284 ||| INVOKING Finesse.
 16284 | D:12     | HP: 23/95 [Azrael/fireball (43)]
 16285 | D:12     | 16285 ||| READING 4 scrolls of teleportation.
 16286 | D:12     | 16286 ||| DRINKING potion of heal wounds.
 16289 | D:12     | Killed Azrael
 16290 | D:12     | Reached skill level 9 in Shields
 16652 | D:12     | 16652 ||| Stepping ~*~*~tactically~*~*~ (stealth).
 16654 | D:12     | 16654 ||| Stepping ~*~*~tactically~*~*~ (stealth).
 16659 | D:12     | 16659 ||| INVOKING Heroism.
 16766 | D:12     | 16766 ||| READING scroll of enchant weapon.
 16766 | D:12     | 16766 ||| ENCHANTING +4 war axe of flaming.
 16840 | D:12     | 16840 ||| Stepping ~*~*~tactically~*~*~ (hiding).
 16946 | D:12     | 16946 ||| UPGRADING to +6 ring of dexterity.
 16948 | D:12     | 16948 ||| UPGRADING to ring of willpower.
 16957 | D:13     | Found Woecair's Distillery.
 16961 | D:13     | 16961 ||| BUYING potion of curing (42 gold).
 16961 | D:13     | Bought a potion of curing for 42 gold pieces
 16961 | D:13     | 16961 ||| BUYING potion of curing (42 gold).
 16961 | D:13     | Bought a potion of curing for 42 gold pieces
 16961 | D:13     | 16961 ||| BUYING potion of curing (42 gold).
 16961 | D:13     | Bought a potion of curing for 42 gold pieces
 16961 | D:13     | 16961 ||| BUYING potion of lignification (42 gold).
 16961 | D:13     | Bought a potion of lignification for 42 gold pieces
 16961 | D:13     | 16961 ||| SHOPLISTING potion of mutation (112 gold, have
                  | 2).
 17016 | D:13     | 17016 ||| INVOKING Heroism.
 17132 | D:13     | Received a gift from Okawaru
 17303 | D:13     | 17303 ||| Stepping ~*~*~tactically~*~*~ (hiding).
 17305 | D:13     | 17305 ||| Stepping ~*~*~tactically~*~*~ (hiding).
 17340 | D:13     | 17340 ||| Stepping ~*~*~tactically~*~*~ (hiding).
 17439 | D:13     | 17439 ||| INVOKING Heroism.
 17721 | D:13     | 17721 ||| Stepping ~*~*~tactically~*~*~ (hiding).
 17842 | D:13     | 17842 ||| UPGRADING to ring of see invisible.
 17844 | D:13     | 17844 ||| READING scroll labelled GEITSEV HIUQE.
 17971 | D:14     | 17971 ||| INVOKING Heroism.
 18093 | D:14     | Found a sacrificial altar of Ru.
 18128 | D:14     | Reached XP level 15. HP: 96/100 MP: 22/22
 18205 | D:14     | Found Mucaigex's Book Shoppe.
 18226 | D:14     | 18226 ||| Stepping ~*~*~tactically~*~*~ (hiding).
 18229 | D:14     | 18229 ||| Stepping ~*~*~tactically~*~*~ (hiding).
 18236 | D:14     | Received a gift from Okawaru
 18317 | D:14     | Reached skill level 12 in Shields
 18364 | D:14     | Found a blossoming altar of Fedhas.
 18366 | D:14     | Noticed Kirke
 18367 | D:14     | 18367 ||| INVOKING Heroism.
 18368 | D:14     | 18368 ||| INVOKING Finesse.
 18369 | D:14     | 18369 ||| Stepping ~*~*~tactically~*~*~ (stealth).
 18370 | D:14     | 18370 ||| DRINKING 2 potions of cancellation.
 18377 | D:14     | 18377 ||| DRINKING potion of cancellation.
 18391 | D:14     | Killed Kirke
 18792 | D:14     | Found a gate to the Vaults.
 18793 | D:14     | 18793 ||| INVOKING Heroism.
 18812 | D:14     | Reached skill level 6 in Throwing
 18819 | D:14     | Reached skill level 15 in Axes
 18845 | D:14     | Reached skill level 3 in Dodging
 19092 | D:15     | Entered Level 15 of the Dungeon
 19101 | D:15     | 19101 ||| INVOKING Heroism.
 19229 | D:15     | 19229 ||| Stepping ~*~*~tactically~*~*~ (hiding).
 19236 | D:15     | Identified the +6 chain mail "Xoiw" {+Blink rPois SInv}
                  | (Okawaru gifted it to you on level 15 of the Dungeon)
 19236 | D:15     | Received a gift from Okawaru
 19354 | D:15     | 19354 ||| Stepping ~*~*~tactically~*~*~ (hiding).
 19360 | Abyss:2  | Cast into level 2 of the Abyss (a wizard)
 19469 | Abyss:2  | 19469 ||| Stepping ~*~*~tactically~*~*~ (stealth).
 19483 | Abyss:2  | 19483 ||| Stepping ~*~*~tactically~*~*~ (stealth).
 19540 | Abyss:2  | 19540 ||| Stepping ~*~*~tactically~*~*~ (stealth).
 19545 | Abyss:2  | 19545 ||| Stepping ~*~*~tactically~*~*~ (stealth).
 19546 | Abyss:2  | 19546 ||| Stepping ~*~*~tactically~*~*~ (stealth).
 19559 | Abyss:2  | 19559 ||| Stepping ~*~*~tactically~*~*~ (stealth).
 19559 | Abyss:2  | Found a glowing silver altar of Zin.
 19559 | Abyss:2  | Found a glowing silver altar of Zin.
 19559 | Abyss:2  | Found a glowing silver altar of Zin.
 19560 | Abyss:2  | 19560 ||| Stepping ~*~*~tactically~*~*~ (stealth).
 19561 | Abyss:2  | 19561 ||| Stepping ~*~*~tactically~*~*~ (stealth).
 19562 | Abyss:2  | 19562 ||| Stepping ~*~*~tactically~*~*~ (stealth).
 19569 | Abyss:2  | 19569 ||| INVOKING Heroism.
 19585 | Abyss:2  | HP: 25/100 [freezing wraith[a worldbinder] (12)]
 19586 | Abyss:2  | 19586 ||| READING 3 scrolls of teleportation.
 19590 | Abyss:2  | HP: 18/100 [great orb of eyes (1)]
 19636 | Abyss:2  | 19636 ||| INVOKING Heroism.
 19641 | Abyss:2  | HP: 21/100 [large abomination (15)]
 19642 | Abyss:2  | 19642 ||| READING 2 scrolls of teleportation.
 19642 | Abyss:2  | HP: 9/100 [large abomination (12)]
 19703 | Abyss:2  | 19703 ||| INVOKING Heroism.
 19772 | Abyss:2  | 19772 ||| INVOKING Heroism.
 19774 | Abyss:2  | 19774 ||| Stepping ~*~*~tactically~*~*~ (hiding).
 19775 | Abyss:2  | 19775 ||| Stepping ~*~*~tactically~*~*~ (hiding).
 19776 | Abyss:2  | 19776 ||| Stepping ~*~*~tactically~*~*~ (cloud).
 19939 | Abyss:2  | 19939 ||| INVOKING Heroism.
 19957 | Abyss:2  | 19957 ||| Stepping ~*~*~tactically~*~*~ (stealth).
 19959 | Abyss:2  | 19959 ||| Stepping ~*~*~tactically~*~*~ (stealth).
 19960 | Abyss:2  | 19960 ||| Stepping ~*~*~tactically~*~*~ (stealth).
 19972 | Abyss:2  | 19972 ||| Stepping ~*~*~tactically~*~*~ (stealth).
 19976 | Abyss:2  | 19976 ||| INVOKING Heroism.
 20115 | Abyss:2  | 20115 ||| Stepping ~*~*~tactically~*~*~ (stealth).
 20149 | Abyss:2  | 20149 ||| Stepping ~*~*~tactically~*~*~ (stealth).
 20151 | Abyss:2  | 20151 ||| Stepping ~*~*~tactically~*~*~ (stealth).
 20153 | Abyss:2  | 20153 ||| INVOKING Heroism.
 20162 | D:15     | Escaped the Abyss
 20165 | D:15     | Reached skill level 16 in Axes
 20186 | D:15     | 20186 ||| Stepping ~*~*~tactically~*~*~ (stealth).
 20187 | D:15     | 20187 ||| Stepping ~*~*~tactically~*~*~ (stealth).
 20188 | D:15     | 20188 ||| Stepping ~*~*~tactically~*~*~ (stealth).
 20189 | D:15     | 20189 ||| Stepping ~*~*~tactically~*~*~ (stealth).
 20190 | D:15     | 20190 ||| Stepping ~*~*~tactically~*~*~ (stealth).
 20250 | D:15     | 20250 ||| FLEEEEING.
 20251 | D:15     | 20251 ||| FLEEEEING.
 20252 | D:15     | 20252 ||| FLEEEEING.
 20297 | D:15     | 20297 ||| Stepping ~*~*~tactically~*~*~ (hiding).
 20410 | D:15     | 20410 ||| Stepping ~*~*~tactically~*~*~ (hiding).
 20419 | D:15     | 20419 ||| Stepping ~*~*~tactically~*~*~ (hiding).
 20428 | D:15     | 20428 ||| INVOKING Heroism.
 20540 | D:15     | Found a shimmering altar of Xom.
 20540 | D:15     | Found a sparkling altar of Nemelex Xobeh.
 20542 | D:15     | Found a shimmering altar of Xom.
 20596 | D:15     | 20596 ||| INVOKING Heroism.
 20756 | D:15     | 20756 ||| Stepping ~*~*~tactically~*~*~ (hiding).
 20812 | D:15     | Found a staircase to the Depths.
 20923 | D:15     | 20923 ||| Stepping ~*~*~tactically~*~*~ (hiding).
 21038 | D:15     | 21038 ||| INVOKING Heroism.
 21175 | D:15     | Reached XP level 16. HP: 97/105 MP: 23/23
 21203 | D:15     | 21203 ||| INVOKING Heroism.
 21204 | D:15     | 21204 ||| INVOKING Finesse.
 21207 | D:15     | Received a gift from Okawaru
 21322 | D:15     | Noticed a tengu reaver
 21323 | D:15     | 21323 ||| Stepping ~*~*~tactically~*~*~ (hiding).
 21326 | D:15     | 21326 ||| INVOKING Heroism.
 21345 | D:15     | HP: 17/105 [tengu reaver/bolt of acid (18)]
 21346 | D:15     | 21346 ||| READING scroll of teleportation.
 21346 | D:15     | Mangled by a tengu reaver

Levels and vault maps discovered:
D:1:      onia_arrival_zoo_common, layout_basic
D:2:      layout_basic, minmay_misc_feat_more_columns
D:3:      layout_basic
D:4:      layout_rooms, serial_glass, glass_columns_c, glass_columns_a,
          feat_on_display, minmay_joined_circles, uniq_edmund
D:5:      layout_basic, nicolae_hepliaklqana_hippocampus,
          minmay_temple_entry_proselytizer
D:6:      layout_cave_pools, nicolae_ossuary_entry_plus, uniq_grinder
D:7:      layout_cave_pods, serial_shops, nicolae_shop_hallway_stairs,
          uniq_prince_ribbit1
D:8:      layout_rooms, erik_lair_dragon, uniq_erica
D:9:      layout_big_octagon, erik_orc_4, chequers_serial_rivers_marsh
D:10:     layout_irregular_city, serial_shops, shop_fountains
D:11:     layout_rooms, serial_shops, shop
D:12:     layout_roguey, uniq_azrael
D:13:     layout_roguey, serial_shops, shop
D:14:     layout_roguey, lightli_vaults_fourway_checkpoint, fedhas_altar_2,
          serial_shops, kennysheep_mini, hangedman_ru_absence, uniq_kirke
D:15:     hangedman_slaughterboxes
Temple:   grunt_wide_crystal_templ
Lair:1:   layout_roguey, amcnicky_mini_pool_medium, lemuel_fruit_tree,
          uniq_joseph
Lair:2:   layout_cave_pods, grunt_megastairs_3
Lair:3:   layout_long_grid, nicolae_shoals_entry_flooding,
          nicolae_snake_entry_warm_welcome, nicolae_lair_lil_pond,
          chequers_serial_rivers_micro_a, uniq_fannar, uniq_gastronok
Lair:4:   layout_cellular_growth, grunt_forest_large_clearings,
          infiniplex_staircase_pool_2, serial_bayou_shore_b, lemuel_fruit_fields
Lair:5:   evilmike_catoblepas_cave, layout_cave_shapes,
          nicolae_slime_entry_slimehenge

Skill      XL: |  1  2  3  4  5  6  7  8  9 10 11 12 13 14 15 |
---------------+----------------------------------------------+-----
Axes           | 2 3 4 5 6 7 9 10 12 14 16 | 16.0
Fighting       | 4 5 6 13 | 13.7
Dodging        | 1 2 3 |  3.1
Armour         | 4 5 7 8 9 10 11 | 11.5
Invocations    | 4 6 10 | 10.0
Throwing       | 2 3 4 5 6 |  6.2
Shields        | 4 5 7 11 13 | 13.0

Action                     |  1- 3 |  4- 6 |  7- 9 | 10-12 | 13-15 | 16-18 || total
---------------------------+-------+-------+-------+-------+-------+-------++-------
  Melee: War axe           |   112 |   152 |   228 |   378 |   931 |    25 ||  1826
         Unarmed           |       |       |       |       |    14 |       ||    14
  Throw: Javelin           |       |       |    28 |    35 |    57 |       ||   120
         Boomerang         |       |       |       |     9 |    24 |       ||    33
 Invoke: Heroism           |       |       |     1 |    21 |    35 |     2 ||    59
         Finesse           |       |       |       |       |     8 |     1 ||     9
    Use: Scroll            |     3 |     4 |    11 |     8 |     9 |     1 ||    36
         Potion            |     1 |     1 |     5 |     1 |     5 |       ||    13
   Stab: Distracted        |       |       |       |       |     1 |       ||     1
 Armour: Scale mail        |    57 |     7 |       |       |       |       ||    64
         Chain mail        |       |   116 |   151 |    22 |       |       ||   289
         Plate armour      |       |       |       |   191 |   451 |     6 ||   648
  Dodge: Dodged            |    44 |    60 |    99 |   100 |   209 |     6 ||   518
  Block: Buckler           |    20 |    21 |    25 |    70 |    64 |       ||   200
         Kite shield       |       |       |       |       |   229 |     6 ||   235

Table legend:
 A = Non-vault XP
 B = Vault XP
 C = Vault XP percentage of total XP
 D = Non-vault monster count
 E = Vault monster count
 F = Vault count percentage of total count
                 A         B        C        D         E       F
            +---------+---------+-------+---------+---------+-------
      Total |   78576 |   49482 |  38.6 |     434 |     138 |  24.1
            +---------+---------+-------+---------+---------+-------
        D:1 |      48 |       0 |   0.0 |      30 |       0 |   0.0
        D:2 |      57 |       0 |   0.0 |      18 |       0 |   0.0
        D:3 |     107 |       0 |   0.0 |      29 |       0 |   0.0
        D:4 |     394 |     530 |  57.4 |      11 |       9 |  45.0
        D:5 |     511 |      41 |   7.4 |      15 |       1 |   6.2
        D:6 |     758 |     277 |  26.8 |      13 |       1 |   7.1
        D:7 |     635 |     286 |  31.1 |      15 |       1 |   6.2
        D:8 |    1574 |    2093 |  57.1 |      16 |       6 |  27.3
        D:9 |    2812 |     523 |  15.7 |      33 |      16 |  32.7
       D:10 |    2296 |       0 |   0.0 |      16 |       0 |   0.0
       D:11 |    2781 |       0 |   0.0 |      20 |       0 |   0.0
       D:12 |    3439 |    2174 |  38.7 |       9 |       8 |  47.1
       D:13 |    5443 |       0 |   0.0 |      13 |       0 |   0.0
       D:14 |    8353 |    8700 |  51.0 |      16 |      13 |  44.8
       D:15 |     448 |   17129 |  97.5 |       1 |      31 |  96.9
     Lair:1 |    4388 |    1785 |  28.9 |      24 |       6 |  20.0
     Lair:2 |    3516 |     569 |  13.9 |      22 |       2 |   8.3
     Lair:3 |    7751 |    3510 |  31.2 |      28 |       7 |  20.0
     Lair:4 |    4393 |     832 |  15.9 |      19 |       1 |   5.0
     Lair:5 |   14297 |   10973 |  43.4 |      54 |      27 |  33.3
    Abyss:2 |   14575 |       0 |   0.0 |      32 |       0 |   0.0
    Ossuary |       0 |      60 | 100.0 |       0 |       9 | 100.0
            +---------+---------+-------+---------+---------+-------
